 Dungeon Crawl Stone Soup version 0.15.0-14-g6bbbb5c (webtiles) character file.

208 MDvedh the Cudgeler (level 5, -3/26 HPs)
             Began as a Vine Stalker Death Knight on Sept 4, 2014.
             Was a Believer of Yredelemnul.
             Slain by Eustachio
             ... wielding a +2 cutlass of flaming
              (7 damage)
             ... on Level 4 of the Dungeon.
             The game lasted 00:04:36 (1645 turns).

MDvedh the Cudgeler (Vine Stalker Death Knight)     Turns: 1645, Time: 00:04:37

HP  -3/26        AC  5     Str 16      XL: 5   Next: 86%
MP   0/10        EV  9     Int  9      God: Yredelemnul [**....]
Gold 143         SH  0     Dex 14      Spells:  0 memorised,  4 levels left

rFire  . . .     SeeInvis .     h - +3 whip
rCold  . . .     Clarity  .     m - +0 ring mail
rNeg   . . .     rCorr    .     (no shield)
rPois  .         rRot     +     (no helmet)
rElec  .         Spirit   +     (no cloak)
SustAb .         Warding  .     (no gloves)
rMut   .         Stasis   .     (no boots)
Gourm  .                        (no amulet)
MR     .....                    (no ring)
                                g - cursed -2 ring of intelligence

@: not resistant to hostile enchantments, very unstealthy
A: fangs 2, regeneration 1, magic shield, antimagic bite, no device heal 3, rot
immunity
a: Animate Remains, Recall Undead Slaves, Injury Mirror, Renounce Religion


You were on level 4 of the Dungeon.
You worshipped Yredelemnul.
Yredelemnul was pleased with you.
You were not hungry.

You visited 1 branch of the dungeon, and saw 4 of its levels.

You collected 143 gold pieces.

Inventory:

Hand weapons
 h - a +3 whip (weapon)
Armour
 m - a +0 ring mail (worn)
Comestibles
 c - 3 bread rations
 d - 3 meat rations
 f - a slice of pizza
 l - a beef jerky
 n - 3 fruits
 r - 4 rotting chunks of centaur flesh
 v - a chunk of rat flesh
Scrolls
 b - 2 scrolls of blinking {unknown}
 e - 3 scrolls of remove curse {unknown}
 i - 2 scrolls of immolation {unknown}
 k - 4 scrolls of identify
 t - a scroll of teleportation {unknown}
Jewellery
 g - a cursed -2 ring of intelligence (left hand)
Potions
 a - a potion of haste {unknown}
 j - 4 potions of curing
 o - a potion of poison {unknown}
 q - a potion of heal wounds {unknown}
 s - a potion of might {unknown}
Books
 p - a book of Flames

   Spells                             Type                      Level
   Flame Tongue                       Conjuration/Fire             1
   Throw Flame                        Conjuration/Fire             2
   Conjure Flame                      Conjuration/Fire             3
   Inner Flame                        Hexes/Fire                   3
   Sticky Flame                       Conjuration/Fire             4
   Fireball                           Conjuration/Fire             5


   Skills:
 - Level 1.7 Fighting
 * Level 5.2 Maces & Flails
 - Level 0.7 Armour
 - Level 0.7 Dodging
 + Level 3.0 Invocations


You had 4 spell levels left.
You didn't know any spells.

Dungeon Overview and Level Annotations

Branches:
Dungeon (4/15)
 Temple: D:4-7

Altars:
Cheibriados

Annotations:
D:4 Eustachio


Innate Abilities, Weirdness & Mutations

You have extremely sharp teeth.
Your natural rate of healing is unusually fast.
When hurt, damage is shared between your health and your magic reserves.
Your bite disrupts and absorbs the magic of your enemies.
Potions and wands cannot restore your health.
You are immune to rotting.


Message History

Drink which item? (? for menu, Esc to quit)
Okay, then.
Unknown command.
Read which item? (? for menu, Esc to quit)
As you read the scroll labeled WECVINEMMO, it crumbles to dust.
You smell tea.
It was a scroll of random uselessness.
The bat hits you.
* * * LOW HITPOINT WARNING * * *
The shadow imp hits you but does no damage.
Eustachio closely misses you.
Unknown command.
Read which item? (? for menu, Esc to quit)
As you read the scroll labeled THOLEI BYMEFE, it crumbles to dust.
It is a scroll of identify.
Identify which item? (\ to view known items) (? for menu, Esc to quit)
j - 4 potions of curing The bat closely misses you.
The bat hits you but does no damage.
The shadow imp hits you but does no damage.
Eustachio hits you with a cutlass of flaming!
You die...
Your body rises from the dead as a mindless zombie.

...................###
.........#.###...#...#
...........###...###.###
........................
######.#.###.....##.###
####..#.###.....#
.........b.......#
.#######5##.......
#@###.....## #b@b#.....#
###.#...#.# #@..........
......r.......###
###....##.#### #..### .#
... .. # ###


You could see Eustachio, a shadow imp and 3 bats.

Vanquished Creatures
  A centaur (D:3)
  A hound (D:4)
  A worker ant (D:4)
  2 adders (D:2)
  A green rat (D:4)
  2 worms (D:2)
  2 oozes
  A giant cockroach (D:3)
  6 hobgoblins
  4 kobolds (D:1)
  A quokka (D:4)
  3 bats
  A giant gecko (D:4)
  A giant newt (D:3)
  6 goblins
  A quokka skeleton (D:4)
  11 rats
45 creatures vanquished.

Vanquished Creatures (collateral kills)
  A hobgoblin (D:2)
  A bat (D:2)
  A rat (D:3)
3 creatures vanquished.

Vanquished Creatures (others)
  A hound zombie (D:4)
1 creature vanquished.

Grand Total: 49 creatures vanquished

Notes
Turn   | Place    | Note
--------------------------------------------------------------
     0 | D:1      | MDvedh, the Vine Stalker Death Knight, began the quest for the Orb.
     0 | D:1      | Reached XP level 1. HP: 11/11 MP: 1/1
   163 | D:1      | Reached XP level 2. HP: 13/15 MP: 3/3
   559 | D:2      | Found a snail-covered altar of Cheibriados.
   643 | D:2      | Reached skill level 3 in Maces & Flails
   643 | D:2      | Reached XP level 3. HP: 18/18 MP: 5/5
   670 | D:2      | Acquired Yredelemnul's second power
  1114 | D:3      | Reached XP level 4. HP: 23/23 MP: 6/6
  1199 | D:3      | Noticed a centaur
  1216 | D:3      | Killed a centaur
  1216 | D:3      | Reached skill level 4 in Maces & Flails
  1216 | D:3      | Reached XP level 5. HP: 7/26 MP: 4/9
  1583 | D:4      | Reached skill level 5 in Maces & Flails
  1617 | D:4      | Noticed Eustachio
  1645 | D:4      | Slain by Eustachio

Action                   |  1- 3 |  4- 6 || total
-------------------------+-------+-------++-------
Melee: Mace              |    18 |       ||    18
       Whip              |    65 |    66 ||   131
Invok: Animate Remains   |     3 |     1 ||     4
  Use: Scroll            |       |     2 ||     2
 Stab: Distracted        |       |     2 ||     2
  Eat: Chunk             |     1 |     2 ||     3
